 Dungeon Crawl Stone Soup version 0.19.5 (webtiles) character file.

357 devil0150 the Magician (level 6, -3/37 HPs)
             Began as a High Elf Wizard on Apr 11, 2017.
             Slain by a troll (13 damage)
             ... on level 4 of the Dungeon.
             The game lasted 00:19:09 (5171 turns).

devil0150 the Magician (High Elf Wizard)            Turns: 5171, Time: 00:19:10

Health: -3/37      AC:  4    Str:  7    XL:     6   Next: 36%
Magic:  16/16      EV: 15    Int: 23    God:
Gold:   152        SH:  0    Dex: 14    Spells: 6 memorised, 4 levels left

rFire  . . .     SeeInvis .     r - +6 mace
rCold  . . .     Gourm    .     a - +0 robe
rNeg   . . .     Faith    .     (no shield)
rPois  .         Spirit   .     b - +0 hat
rElec  .         Reflect  .     (no cloak)
rCorr  .         Harm     .     m - +0 pair of gloves
MR     .....                    f - +0 pair of boots
Stlth  ++........               (no amulet)
                                (no ring)
                                e - +2 ring of evasion

@: no status effects
A: no striking features
a: no special abilities


You were on level 4 of the Dungeon.
You were hungry.

You visited 1 branch of the dungeon, and saw 5 of its levels.

You collected 152 gold pieces.

Inventory:

Hand Weapons
 j - a +0 dagger
 l - a +1 mace of protection
 r - a +6 mace (weapon)
Missiles
 q - 2 poisoned tomahawks (quivered)
Armour
 a - a +0 robe (worn)
 b - a +0 hat (worn)
 f - a +0 pair of boots (worn)
 m - a +0 pair of gloves (worn)
 s - a +0 cloak
Jewellery
 e - a +2 ring of evasion (left hand)
 n - an uncursed ring of flight
Scrolls
 t - a scroll of blinking
Potions
 h - a potion of lignification
 i - a potion of flight
 o - a potion of degeneration {unknown}
 u - a potion of agility {unknown}
Books
 c - a book of Minor Magic

   Spells                             Type                      Level
   a - Magic Dart                     Conjuration                  1
   b - Blink                          Translocation                2
   c - Call Imp                       Summoning                    2
   d - Repel Missiles                 Charms/Air                   2
   e - Slow                           Hexes                        2
   f - Conjure Flame                  Conjuration/Fire             3
   g - Mephitic Cloud                 Conjuration/Poison/Air       3
Comestibles
 d - a bread ration
 g - a royal jelly
 k - a slice of pizza
 v - a meat ration


   Skills:
 + Level 0.4 Fighting
 - Level 0.5 Short Blades
 + Level 0.2 Maces & Flails
 + Level 3.1 Dodging
 + Level 3.1 Stealth
 + Level 6.0 Spellcasting
 + Level 3.8 Conjurations
 + Level 1.1 Summonings
 + Level 1.1 Translocations
 + Level 0.1 Poison Magic


You had 4 spell levels left.
You knew the following spells:

 Your Spells              Type           Power        Failure   Level  Hunger
a - Magic Dart            Conj           ###.         1%          1    None
b - Blink                 Tloc           N/A          10%         2    None
c - Call Imp              Summ           ##......     10%         2    None
d - Mephitic Cloud        Conj/Pois/Air  ##......     17%         3    #......
e - Conjure Flame         Conj/Fire      ###.....     14%         3    #......
f - Slow                  Hex            #.......     14%         2    None


Dungeon Overview and Level Annotations

Branches:
Dungeon (5/15)
 Temple: D:4-7

Altars:
Nemelex Xobeh


Message History

Confirm with . or Enter, or press ? or * to list all spells.
You blink.
Casting: Blink
Confirm with . or Enter, or press ? or * to list all spells.
You blink.
There is a stone staircase leading down, spattered with blood here.
You climb downwards.
There is a stone staircase leading up here.
You start resting.
You are feeling hungry.
You start resting.
Magic restored.
You start resting.
HP restored.
You climb upwards.
The troll bites you! The troll claws you. The troll claws you!
* * * LOW HITPOINT WARNING * * *
There is a stone staircase leading down, spattered with blood here.
The troll closely misses you. The troll claws you!
You die...

#....# #.###.###
.....#
#..##.##############..
######
#.....................
..
#...#.#####.########.#
### #.#.#.# #.#
######.#...# #.#
#......##..# #.# ###
#.####.##.T#####.# ..#
.##......@......# #.#
..#.......########
#.####..#....[..#
........#.......#
#.####.###.######
.......# #.#######
#......# #.......#
#......# #.#######
#......# #.#


You could see a troll.

Vanquished Creatures
  A centaur (D:3)
  An orc wizard (D:2)
  A centaur skeleton (D:4)
  12 adders
  3 worms
  4 dart slugs
  6 leopard geckos
  6 orcs
  7 giant cockroaches
  5 goblins
  7 hobgoblins
  2 jackals (D:2)
  5 kobolds
  3 quokkas
  2 ball pythons (D:1)
  9 bats
  5 frilled lizards
  6 rats
85 creatures vanquished.

Vanquished Creatures (collateral kills)
  5 orcs (D:3)
5 creatures vanquished.

Grand Total: 90 creatures vanquished

Notes
Turn   | Place    | Note
-------+----------+-------------------------------------------
     0 | D:1      | devil0150 the High Elf Wizard began the quest for the Orb.
     0 | D:1      | Reached XP level 1. HP: 11/11 MP: 6/6
   331 | D:1      | Reached XP level 2. HP: 17/17 MP: 4/7
   445 | D:1      | Reached skill level 4 in Spellcasting
  1146 | D:1      | Reached XP level 3. HP: 13/21 MP: 1/10
  1668 | D:2      | Learned a level 2 spell: Blink
  1671 | D:2      | Learned a level 2 spell: Call Imp
  1675 | D:2      | Learned a level 3 spell: Mephitic Cloud
  1679 | D:2      | Learned a level 3 spell: Conjure Flame
  1753 | D:2      | Reached XP level 4. HP: 23/27 MP: 0/11
  2078 | D:2      | Reached skill level 5 in Spellcasting
  2384 | D:2      | Reached XP level 5. HP: 31/31 MP: 7/13
  2541 | D:2      | Found a sparkling altar of Nemelex Xobeh.
  2712 | D:3      | Learned a level 2 spell: Slow
  3675 | D:3      | Noticed a centaur
  3688 | D:3      | Killed a centaur
  3688 | D:3      | Reached skill level 1 in Summonings
  3688 | D:3      | Reached XP level 6. HP: 7/36 MP: 2/15
  4436 | D:4      | Reached skill level 6 in Spellcasting
  4589 | D:4      | Noticed a troll
  4753 | D:5      | Entered Level 5 of the Dungeon
  5171 | D:4      | Slain by a troll

Skill      XL: |  1  2  3  4  5  6 |
---------------+-------------------+-----
Spellcasting   | 4 5 6 |  6.0
Conjurations   | 2 3 |  3.8
Dodging        | 3 |  3.1
Stealth        | 3 |  3.1
Summonings     | 1 |  1.1
Fighting       | |  0.4
Short Blades   | |  0.5
Maces & Flails | |  0.2
Translocations | |  1.1
Poison Magic   | |  0.1

Action                   |  1- 3 |  4- 6 || total
-------------------------+-------+-------++-------
Melee: Club              |     8 |       ||     8
       Dagger            |     7 |       ||     7
       Mace              |       |    27 ||    27
Throw: Tomahawk          |       |     2 ||     2
 Cast: Magic Dart        |    84 |   153 ||   237
       Call Imp          |       |     4 ||     4
       Mephitic Cloud    |       |     2 ||     2
       Blink             |       |     8 ||     8
       Slow              |       |     1 ||     1
  Use: Scroll            |       |    12 ||    12
  Eat: Chunk             |     2 |    10 ||    12
Armor: Robe              |    16 |    16 ||    32
Dodge: Dodged            |    37 |    75 ||   112
